 Dungeon Crawl Stone Soup version 0.28-a0-1033-g1a2f33fa85 (webtiles) character file.

Game seed: 15704442685639655147

0 ytrimaz the Scratcher (level 1, 0/9 HPs)
             Began as a Felid Transmuter on Dec 7, 2021.
             Frozen to death by an endoplasm (2 damage)
             ... on level 1 of the Dungeon.
             The game lasted 00:00:09 (149 turns).

ytrimaz the Scratcher (Felid Transmuter)             Turns: 149, Time: 00:00:10

Health: 0/9        AC:  1    Str:  6    XL:     1   Next: 8%
Magic:  4/4        EV: 17    Int: 14    God:
Gold:   0          SH:  0    Dex: 16    Spells: 3/4 levels left
                                        Lives:  0   Deaths: 0

rFire   . . .      SeeInvis +     - Unarmed
rCold   . . .      Faith    .   (shield unavailable)
rNeg    . . .      Spirit   .   (armour unavailable)
rPois   .          Reflect  .   (helmet unavailable)
rElec   .          Harm     .   (cloak unavailable)
rCorr   .          Rampage  .   (gloves unavailable)
Will    .....                   (boots unavailable)
Stlth   +.........              (no amulet)
HPRegen 0.03/turn               (no ring)
MPRegen 0.09/turn               (no ring)

@: quick
A: very small, claws 1, fangs 3, see invisible, speed 1, shaggy fur 1, stealthy
paws, no weapons or thrown items, no armour, multi-lived
a: no special abilities


You were on level 1 of the Dungeon.
You visited 1 branch of the dungeon, and saw 1 of its levels.

You aren't carrying anything.


   Skills:
 * Level 1.0 Fighting
 - Level 2.6 Dodging
 + Level 3.0 Unarmed Combat
 * Level 2.0 Spellcasting
 * Level 2.2 Transmutations


You had 3 spell levels left.
You knew the following spells:

 Your Spells              Type           Power      Damage    Failure   Level
a - Beastly Appendage     Tmut           14%        N/A       10%         1

Your spell library contained the following spells:

 Spells                   Type           Power      Damage    Failure   Level
 Wereblood                Tmut           7%         N/A       14%         2
 Spider Form              Tmut/Pois      4%         N/A       41%         3
 Ice Form                 Ice/Tmut       4%         N/A       83%         4


Dungeon Overview and Level Annotations

Branches:
Dungeon (1/15)

Altars:


Innate Abilities, Weirdness & Mutations

You have sharp claws.
You have razor-sharp teeth.
You have supernaturally acute eyesight. (SInv)
You cover ground quickly. (Speed+)
You are covered in fur. (AC +1)
Your paws help you pounce on unaware monsters.
You are incapable of wielding weapons or throwing items.
You cannot wear armour.
You gain extra lives every three experience levels.


Message History

No target in view!
No target in view!
No target in view!
No target in view!
Magic restored.
You see here a ball python corpse.
Your horns disappear.
Found 23 stones.
You see here 23 stones.
Found 16 bolts.
a - a scroll labelled TIFOXEAHUOR No target in view!
No target in view!
No target in view!
No target in view!
Found 37 stones.
An endoplasm comes into view.
Found a faded altar of an unknown god.
An endoplasm is nearby!
As you read the scroll labelled TIFOXEAHUOR, it crumbles to dust.
It is a scroll of enchant armour.
You aren't carrying any armour which can be enchanted further.
You enter the shallow water.
Moving in this stuff is going to be slow.
A ball python comes into view.
The endoplasm quivers.
The ball python hisses angrily.
You enter the shallow water.
Moving in this stuff is going to be slow.
The ball python bites you. The ball python completely misses you.
You scratch the ball python.
The ball python is moderately wounded.
The ball python misses you. x2; The endoplasm barely misses you.
The ball python barely misses you. x2
The endoplasm freezes you.
You are frozen.
* * * LOW HITPOINT WARNING * * *
The endoplasm freezes you.
You are frozen.
You die...

≈≈≈≈≈≈≈≈#
≈≈≈≈≈≈≈≈..#
≈≈≈≈≈≈≈≈..#
≈≈≈..≈≈≈..#
≈≈♣_.≈≈≈≈≈#
≈≈≈..≈≈≈≈.##
≈≈≈≈≈≈≈≈...#
≈≈≈≈≈≈≈≈J@.#
≈≈≈≈≈≈≈≈S..#####
..≈..≈.≈≈.(......
....≈≈...≈########
##................
#######..##########
####
#..#<...#.#.#....#
#(.#..#..#.....#
#..#.#####.≈####


You could see an endoplasm and a ball python.

Vanquished Creatures
  A ball python (D:1)
1 creature vanquished.

Notes
Turn   | Place    | Note
-------+----------+-------------------------------------------
     0 | D:1      | ytrimaz the Felid Transmuter began the quest for the Orb.
     0 | D:1      | Reached XP level 1. HP: 9/9 MP: 4/4
   138 | D:1      | Found a faded altar of an unknown god.
   149 | D:1      | Frozen to death by an endoplasm

Illustrated notes

Levels and vault maps discovered:
D:1:      dpeg_arrival_brainrot, layout_basic, chequers_ecumenical_altar_island

Action                   || total
-------------------------++-------
Melee: Unarmed           ||     2
 Cast: Beastly Appendage ||     1
  Use: Scroll            ||     1
Dodge: Dodged            ||     8

Table legend: (Time is in decaauts)
 A = Elapsed time spent in this place.
 B = Non-inter-level travel time spent in this place.
 C = Inter-level travel time spent in this place.
 D = Time resting spent in this place.
 E = Time spent auto-exploring this place.
 F = Levels seen in this place.
 G = Mean time per level.
                   A        B        C        D        E       F      G
               +--------+--------+--------+--------+--------+-----+--------+
         Total |    122 |    122 |      0 |      0 |    102 |   1 |  122.0 |
       Dungeon |    122 |    122 |      0 |      0 |    102 |   1 |  122.0 |
               +--------+--------+--------+--------+--------+-----+--------+

Top non-repeatable levels by time:
     D:1: 122 daAuts
